 Dungeon Crawl Stone Soup version 0.29-a0-923-g6e406bff71 (webtiles) character file.

Game seed: 1362725696473459878

649 Newt the Twirler (level 7, 0/44 HPs)
             Began as a Gargoyle Monk on July 27, 2022.
             Was an Elder of Uskayaw.
             Slain by a gnoll
             ... wielding a +0 spear of freezing
             ... led by a gnoll bouda
              (1 damage)
             ... on level 6 of the Dungeon.
             The game lasted 00:08:10 (4975 turns).

Newt the Twirler (Gargoyle Monk)                    Turns: 4975, Time: 00:08:11

Health: 0/44       AC:  9    Str: 17    XL:     7   Next: 53%
Magic:  8/8        EV: 13    Int: 10    God:    Uskayaw [****..]
Gold:   209        SH:  0    Dex: 12    Spells: 6/6 levels left

rFire   . . .      SeeInvis .   p - +2 quarterstaff (chaos)
rCold   . . .      Faith    .   (shield currently unavailable)
rNeg    + . .      Spirit   .   b - +0 robe
rPois   ∞          Reflect  .   (no helmet)
rElec   +          Harm     .   q - +0 cloak {rPois}
rCorr   .          Rampage  .   x - +0 pair of gloves
Will    .....                   k - +0 pair of boots
Stlth   ++........              (no amulet)
HPRegen 0.14/turn               (no ring)
MPRegen 0.11/turn               (no ring)

@: no status effects
A: sickness immunity, AC +4, negative energy resistance 1, electricity
resistance, torment resistance 1, petrification resistance
a: Renounce Religion, Stomp, Line Pass


You were on level 6 of the Dungeon.
You worshipped Uskayaw.
Uskayaw was noncommittal.
You visited 1 branch of the dungeon, and saw 6 of its levels.

You collected 209 gold pieces.

Inventory:

Hand Weapons
 a - a +0 mace
 o - a +0 hammer
 p - a +2 quarterstaff of chaos (weapon)
 w - a +3 flail
Armour
 b - a +0 robe (worn)
 k - a +0 pair of boots (worn)
 q - a +0 cloak of poison resistance (worn)
 x - a +0 pair of gloves (worn)
 E - a +0 barding
Jewellery
 y - a ring of magical power
Wands
 G - a wand of flame (21)
 L - a wand of paralysis (14)
Scrolls
 e - a scroll of enchant weapon {unknown}
 i - 3 scrolls of identify {unknown}
 j - a scroll of blinking {unknown}
 m - a scroll of magic mapping {unknown}
 n - a scroll of fear {unknown}
 r - a scroll of vulnerability {unknown}
 s - 2 scrolls of teleportation
 t - a scroll of poison {unknown}
 u - a scroll of summoning {unknown}
 v - 2 scrolls of noise
 B - a scroll of immolation
 K - a scroll of fog {unknown}
Potions
 c - a potion of ambrosia
 d - 2 potions of lignification {unknown}
 f - 2 potions of invisibility {unknown}
 g - 4 potions of heal wounds {unknown}
 h - 3 potions of brilliance {unknown}
 l - a potion of magic {unknown}
 z - a potion of cancellation {unknown}
 A - 2 potions of curing {unknown}
 C - a potion of attraction {unknown}
 D - 3 potions of haste {unknown}
 F - a potion of flight {unknown}
 H - a potion of mutation {unknown}
 I - 2 potions of degeneration {unknown}
 J - a potion of berserk rage {unknown}


   Skills:
 + Level 4.4 Fighting
 - Level 3.7(5.0) Maces & Flails
 * Level 4.9(5.5) Staves
 + Level 3.5 Dodging
 + Level 3.7 Stealth
 * Level 2.5 Invocations


You had 6 spell levels left.
You didn't know any spells.
Your spell library contained the following spells:

 Spells                   Type           Power      Damage    Failure   Level
 Shock                    Conj/Air       0%         1d3       36%         1
 Swiftness                Air            0%         N/A       75%         3
 Airstrike                Air            0%         0-1+      98%         4
 Summon Lightning Spire   Summ/Air       0%         N/A       98%         4
 Lightning Bolt           Conj/Air       0%         1d11      100%        5


Dungeon Overview and Level Annotations

Branches:
Dungeon (6/15)
 Temple: D:4-7

Altars:
Okawaru
Uskayaw
Yredelemnul


Innate Abilities, Weirdness & Mutations

You are immune to sickness and miasma.
Your stone body is resilient. (AC +4)
You are immune to poison.
You resist negative energy. (rN+)
You are resistant to electric shocks. (rElec)
You are resistant to unholy torment.
You are immune to petrification.


Message History

Uskayaw will force your foes to helplessly watch your dance.
The gnoll is no longer moving quickly.
The gnoll hits you with a +0 halberd. The gnoll closely misses you.
You see here a +2 halberd of protection.
You thump the gnoll!
The gnoll is severely wounded.
The gnoll is no longer moving quickly.
The gnoll misses you.
The gnoll hits you from afar with a +0 spear of freezing.
The gnoll freezes you.
* * * LOW HITPOINT WARNING * * *
Uskayaw prepares the audience for your solo!
The helpless gnoll fails to defend itself.
You sock the gnoll!
You kill the gnoll!
The gnoll is no longer moving quickly.
Uskayaw will force your foes to share their pain.
Uskayaw links your audience in an emotional bond!
The gnoll is no longer paralysed. x2; The gnoll hits you but does no damage. x2
Things that are here:
a +0 halberd; a +0 spear You closely miss the gnoll.
The gnoll hits you but does no damage. The gnoll hits you with a +0 club.
* * * LOW HITPOINT WARNING * * *
You hit the gnoll.
You feel better.
The gnoll is moderately wounded.
The gnoll is no longer sharing its pain.
The gnoll hits you with a +0 club.
* * * LOW HITPOINT WARNING * * *
The gnoll hits you with a +0 spear of freezing.
* * * LOW HITPOINT WARNING * * *
The gnoll freezes you.
* * * LOW HITPOINT WARNING * * *
Okay, then.
You sock the gnoll!
The gnoll is almost dead.
The gnoll is no longer sharing its pain.
The gnoll hits you with a +0 spear of freezing.
* * * LOW HITPOINT WARNING * * *
The gnoll freezes you.
You die...

######### ##
#g@)....# #.
......g#####.#
##. .....#.
####.# #####..
.... #.
#....#####......
... #.
#...............
.. #.
#....#####.#....
. #. ##.#.#
#.....# ..
#.#..# ######.
..###.# #.


You could see 2 gnolls.

Vanquished Creatures
  An ogre (D:5)
  A phantom (D:4)
  A scorpion (D:6)
  2 hounds
  Crazy Yiuf (D:2)
  A gnoll bouda (D:6)
  3 iguanas (D:5)
  An orc wizard (D:4)
  Robin (D:4)
  7 gnolls
  7 adders
  A worm (D:2)
  A dart slug (D:1)
  5 orcs (D:4)
  2 ball pythons (D:3)
  7 endoplasms
  A giant cockroach (D:1)
  7 hobgoblins
  9 kobolds
  4 quokkas
  3 bats
  2 frilled lizards (D:2)
  15 goblins
  3 rats
86 creatures vanquished.

Vanquished Creatures (others)
  A goblin zombie (D:4)
1 creature vanquished.

Grand Total: 87 creatures vanquished

Notes
Turn   | Place    | Note
-------+----------+-------------------------------------------
     0 | D:1      | Newt the Gargoyle Monk began the quest for the Orb.
     0 | D:1      | Reached XP level 1. HP: 14/14 MP: 1/1
   262 | D:1      | Reached XP level 2. HP: 17/19 MP: 2/2
   757 | D:1      | Found a faded altar of an unknown god.
   764 | D:1      | Prayed at the altar of an unknown god.
   764 | D:1      | Became a worshipper of Uskayaw the Reveller
   764 | D:1      | Reached * piety under Uskayaw
   764 | D:1      | Reached ** piety under Uskayaw
   863 | D:2      | Reached XP level 3. HP: 15/23 MP: 3/3
   982 | D:2      | Found a basalt altar of Yredelemnul.
  1200 | D:2      | Found a runed translucent door.
  1213 | D:2      | Noticed Crazy Yiuf
  1222 | D:2      | Killed Crazy Yiuf
  1223 | D:2      | Reached XP level 4. HP: 5/29 MP: 4/4
  2203 | D:3      | Reached *** piety under Uskayaw
  2205 | D:3      | Reached skill level 1 in Invocations
  2205 | D:3      | Reached **** piety under Uskayaw
  2209 | D:3      | Reached XP level 5. HP: 14/33 MP: 5/5
  2211 | D:3      | Reached ***** piety under Uskayaw
  2681 | D:3      | Reached skill level 1 in Staves
  3282 | D:4      | Noticed Robin
  3301 | D:4      | Killed Robin
  3530 | D:4      | Noticed a phantom
  3537 | D:4      | Killed a phantom
  3538 | D:4      | Reached XP level 6. HP: 30/38 MP: 3/7
  3776 | D:5      | Entered Level 5 of the Dungeon
  3987 | D:5      | Found an iron altar of Okawaru.
  4065 | D:5      | Reached XP level 7. HP: 21/44 MP: 8/8
  4975 | D:6      | HP: 1/44 [gnoll/+0 spear of freezing[a gnoll bouda] (3)]
  4975 | D:6      | Slain by a gnoll

Illustrated notes

Levels and vault maps discovered:
D:1:      matt_arrival_grand_opening, layout_basic,
          dilly_ecumenical_altar_fadedgnrine, minmay_heptomino_w4
D:2:      layout_basic, basic_altar, uniq_crazy_yiuf_cottage
D:3:      layout_loops_corners
D:4:      layout_basic, uniq_robin
D:5:      layout_gridville, mainiacjoe_overflow_24_doors
D:6:      layout_loops_corners, dk_xom_monty_hall,
          minmay_overflow_temple_star_quad, kennysheep_diamond,
          hangedman_abyss_or_decor_slice, chequers_arboretum, glass_columns_c

Skill      XL: |  1  2  3  4  5  6 |
---------------+-------------------+-----
Dodging        | 3 |  3.5
Fighting       | 4 |  4.4
Invocations    | 1 2 |  2.5
Stealth        | 3 |  3.7
Staves         | 2 4 |  4.9
Maces & Flails | |  3.7

Action                   |  1- 3 |  4- 6 |  7- 9 || total
-------------------------+-------+-------+-------++-------
Melee: Mace              |    65 |       |       ||    65
       Punch             |     1 |       |       ||     1
       Quarterstaff      |       |   148 |    30 ||   178
Invok: Stomp             |       |     2 |       ||     2
  Use: Scroll            |       |     2 |     1 ||     3
 Stab: Sleeping          |     2 |     9 |       ||    11
       Paralysed         |       |     2 |     3 ||     5
       Petrifying        |       |     1 |       ||     1
Armor: Robe              |    20 |    49 |    12 ||    81
Dodge: Dodged            |    36 |    74 |    27 ||   137

Table legend: (Time is in decaauts)
 A = Elapsed time spent in this place.
 B = Non-inter-level travel time spent in this place.
 C = Inter-level travel time spent in this place.
 D = Time resting spent in this place.
 E = Time spent auto-exploring this place.
 F = Levels seen in this place.
 G = Mean time per level.
                   A        B        C        D        E       F      G
               +--------+--------+--------+--------+--------+-----+--------+
         Total |   5011 |   4853 |    158 |    204 |   3913 |   6 |  835.2 |
       Dungeon |   5011 |   4853 |    158 |    204 |   3913 |   6 |  835.2 |
               +--------+--------+--------+--------+--------+-----+--------+

Top non-repeatable levels by time:
     D:2: 1287 daAuts
     D:5: 1150 daAuts
     D:3: 1011 daAuts
     D:1: 862 daAuts
     D:4: 648 daAuts
     D:6: 51 daAuts
